 Dungeon Crawl Stone Soup version 0.29.1-12-g30fa7ad0bf (webtiles) character file.

Game seed: 5023126625312137671

143 Ihaveafatcat the Trooper (level 5, -5/46 HPs)
             Began as a Hill Orc Fighter on Jan 12, 2023.
             Killed by divine providence
             ... invoked by an orc priest
              (10 damage)
             ... on level 5 of the Dungeon.
             The game lasted 00:02:02 (1949 turns).

Ihaveafatcat the Trooper (Hill Orc Fighter)         Turns: 1949, Time: 00:02:02

Health: -5/46      AC: 10    Str: 21    XL:     5   Next: 25%
Magic:  5/5        EV:  7    Int:  8    God:
Gold:   131        SH:  4    Dex: 10    Spells: 4/4 levels left

rFire   . . .      SeeInvis .   a - +0 war axe
rCold   . . .      Faith    .   c - +0 buckler
rNeg    . . .      Spirit   .   f - +0 chain mail
rPois   .          Reflect  .   i - +0 hat
rElec   .          Harm     .   (no cloak)
rCorr   .          Rampage  .   g - +0 pair of gloves
Will    .....                   (no boots)
Stlth   ..........              (no amulet)
HPRegen 0.15/turn               (no ring)
MPRegen 0.09/turn               (no ring)

@: mighty
A: no striking features
a: Convert to Beogh


You were on level 5 of the Dungeon.
You visited 1 branch of the dungeon, and saw 4 of its levels.

You collected 131 gold pieces.

Inventory:

Hand Weapons
 a - a +0 war axe (weapon)
Missiles
 r - 4 javelins (quivered)
Armour
 c - a +0 buckler (worn)
 f - a +0 chain mail (worn)
 g - a +0 pair of gloves (worn)
 i - a +0 hat (worn)
Scrolls
 h - a scroll of amnesia {unknown}
 k - a scroll of magic mapping {unknown}
 m - a scroll of fear {unknown}
 n - 2 scrolls of identify {unknown}
Potions
 b - a potion of brilliance {unknown}
 d - 2 potions of might
 e - 2 potions of invisibility {unknown}
 j - 2 potions of cancellation {unknown}
 l - a potion of flight {unknown}
 o - a potion of lignification {unknown}
 p - 2 potions of mutation {unknown}
 q - a potion of resistance {unknown}
 s - a potion of berserk rage {unknown}


   Skills:
 + Level 4.3 Fighting
 + Level 3.7 Axes
 + Level 1.6 Throwing
 + Level 3.9 Armour
 + Level 3.9 Shields
 + Level 1.6 Evocations


You had 4 spell levels left.
You didn't know any spells.
Your spell library contained the following spells:

 Spells                   Type           Power      Damage    Failure   Level
 Ozocubu's Armour         Ice            0%         N/A       100%        3
 Ozocubu's Refrigeration  Ice            0%         4d7       100%        7


Dungeon Overview and Level Annotations

Branches:
Dungeon (3/15)

Altars:


Message History

You closely miss the orc priest.
The orc priest is severely wounded.
The orc priest hits you with a +0 club.
The orc priest shouts, "Surrender to Beogh and we'll let you live!"
You slash the orc priest!
You kill the orc priest!
You have reached level 5!
You feel stronger.
You barely miss the orc priest.
The orc priest looks satisfied for a moment.
You block the orc priest's attack.
The orc priest shouts, "Beogh is our master!
Accept the truth or die!"
You hit the orc priest.
The orc priest is moderately wounded.
The orc priest hits you but does no damage.
You hit the orc priest but do no damage.
The orc priest is moderately wounded.
The orc priest calls down the wrath of Beogh upon you.
Pain shoots through your body!
You completely miss the orc priest.
The orc priest is moderately wounded.
The orc priest hits you but does no damage. x2
You closely miss the orc priest.
The orc priest shouts, "Beogh is our master!
Accept the truth or die!"
The orc priest is moderately wounded.
The orc priest hits you with a +0 dagger.
You hit the orc priest.
The orc priest is heavily wounded.
The orc priest calls down the wrath of Beogh upon you.
Pain shoots through your body!
* * * LOW HITPOINT WARNING * * *
The orc priest shouts, "Join the one true god or die!"
You slash the orc priest!
The orc priest shouts, "Beogh is our master!
Accept the truth or die!"
The orc priest is almost dead.
The orc priest shouts, "Beogh is our master!
Accept the truth or die!"
You block the orc priest's attack.
The orc priest mumbles some strange prayers to Beogh against you.
Beogh smites you!
You die...

#. .. .# .#
##.# #.. #o#
#@# #.######
#......########
######.........
##########


You could see an orc priest.

Vanquished Creatures
  An orc priest (D:5)
  Jessica (D:2)
  Terence (D:2)
  An adder (D:3)
  An ufetubus (D:3)
  A worm (D:3)
  4 dart slugs
  An orc (D:5)
  4 endoplasms
  3 goblins (D:1)
  2 hobgoblins (D:1)
  4 jackals (D:1)
  2 ball pythons
  A bat (D:1)
  6 kobolds
  2 rats (D:1)
35 creatures vanquished.

Notes
Turn   | Place    | Note
-------+----------+-------------------------------------------
     0 | D:1      | Ihaveafatcat the Hill Orc Fighter began the quest for the
                  | Orb.
     0 | D:1      | Reached XP level 1. HP: 19/19 MP: 1/1
    93 | D:1      | Reached XP level 2. HP: 27/27 MP: 2/2
   538 | D:1      | Reached XP level 3. HP: 33/33 MP: 3/3
   833 | D:2      | Noticed Terence
   843 | D:2      | Killed Terence
   844 | D:2      | Reached skill level 1 in Throwing
   844 | D:2      | Reached skill level 1 in Evocations
  1090 | D:2      | Reached skill level 4 in Fighting
  1122 | D:2      | Noticed Jessica
  1126 | D:2      | Killed Jessica
  1127 | D:2      | Reached XP level 4. HP: 37/40 MP: 4/4
  1926 | D:3      | You fall into a shaft and drop 2 floors!
  1926 | D:5      | Entered Level 5 of the Dungeon
  1943 | D:5      | Reached XP level 5. HP: 24/46 MP: 5/5
  1949 | D:5      | Killed from afar by an orc priest

Illustrated notes

Levels and vault maps discovered:
D:1:      tarquinn_simple_flora_water_a, layout_loops_ring,
          minmay_split_cup_small
D:2:      layout_basic, serial_glass, glass_columns_a, glass_columns_a,
          uniq_terence, uniq_jessica
D:3:      layout_loops_ring, serial_shops, shop, st_stairs_1,
          hangedman_decor_points, kennysheep_orc_chapel
D:5:      layout_rooms, serial_shops, shop

Skill      XL: |  1  2  3 |
---------------+----------+-----
Axes           | 3 |  3.7
Throwing       | 1 |  1.6
Evocations     | 1 |  1.6
Fighting       | 4 |  4.3
Armour         | |  3.9
Shields        | |  3.9

Action                   |  1- 3 |  4- 6 || total
-------------------------+-------+-------++-------
Melee: War axe           |    59 |    41 ||   100
  Use: Potion            |       |     1 ||     1
Armor: Chain mail        |    40 |    26 ||    66
Dodge: Dodged            |    18 |    10 ||    28
Block: Buckler           |    18 |     6 ||    24
